 Dungeon Crawl Stone Soup version 0.29.1-15-g9cfb28693d (webtiles) character file.

Game seed: 4064963486377867909

2491 Acheron the Chopper (level 9, -4/64 HPs)
             Began as a Demonspawn Ice Elementalist on Mar 3, 2023.
             Was a Priest of Qazlal.
             Slain by an unseen horror (6 damage)
             ... on level 7 of the Dungeon.
             The game lasted 00:36:43 (7873 turns).

Acheron the Chopper (Demonspawn Ice Elementalist)   Turns: 7873, Time: 00:36:44

Health: -4/64      AC: 11    Str: 15    XL:     9   Next: 27%
Magic:  15/15      EV: 12    Int: 16    God:    Qazlal [***...]
Gold:   409        SH:  4    Dex: 18    Spells: 6/16 levels left

rFire   . . .      SeeInvis .   k - +6 hand axe of Gikkim {vorpal, rC+ Stlth+}
rCold   + + +      Faith    .   (no shield)
rNeg    . . .      Spirit   .   E - +0 swamp dragon scales
rPois   +          Reflect  .   (no helmet)
rElec   .          Harm     .   D - +0 cloak
rCorr   +          Rampage  .   (no gloves)
Will    .....                   C - +0 pair of boots
Stlth   ++........              (no amulet)
HPRegen 0.20/turn               F - ring "Hyfriob" {*Corrode rPois rC++ Str+6}
MPRegen 0.14/turn               e - ring of resist corrosion

@: no status effects
A: claws 1, yellow scales 1, ignite blood 2, powered by pain 2
a: Renounce Religion, Upheaval, Elemental Force


You were on level 7 of the Dungeon.
You worshipped Qazlal.
Qazlal was most pleased with you.
You visited 2 branches of the dungeon, and saw 10 of its levels.

You collected 465 gold pieces.
You spent 56 gold pieces at shops.

Inventory:

Hand Weapons
 c - a +1 war axe
 f - a +1 morningstar of flaming
 k - the +6 hand axe of Gikkim (weapon) {vorpal, rC+ Stlth+}
   (You found it on level 2 of the Dungeon)

   It inflicts extra damage upon your enemies.
   rC:        It protects you from cold.
   Stlth:     It makes you more stealthy.
 s - a +2 spear of pain
 H - a +5 spear of freezing
Missiles
 h - 17 poisoned darts
 v - a throwing net
 B - 3 boomerangs (quivered)
Armour
 C - a +0 pair of boots (worn)
 D - a +0 cloak (worn)
 E - +0 swamp dragon scales (worn)
 G - a +2 robe of fire resistance
Jewellery
 e - a ring of resist corrosion (right claw)
 o - a ring of protection from fire
 y - an amulet of the acrobat
 F - the ring "Hyfriob" (left claw) {*Corrode rPois rC++ Str+6}
   (You found it on level 3 of the Dungeon)

   [ring of strength]

   Str:       It affects your strength (+6).
   rC:        It greatly protects you from cold.
   rPois:     It protects you from poison.
   *Corrode:  It may corrode you when you take damage.
Wands
 r - a wand of paralysis (4)
Scrolls
 l - 3 scrolls of poison
 n - 2 scrolls of fear
 p - a scroll of blinking
 x - a scroll of teleportation {unknown}
 z - 2 scrolls of brand weapon
Potions
 b - a potion of magic
 d - 9 potions of curing
 g - 3 potions of cancellation {unknown}
 i - 2 potions of mutation {unknown}
 j - 2 potions of haste
 m - a potion of brilliance
 q - 2 potions of flight
 t - 2 potions of might {unknown}
 u - a potion of heal wounds


   Skills:
 * Level 3.2 Fighting
 * Level 5.8(5.9) Axes
 + Level 1.5(4.0) Polearms
 * Level 2.5 Throwing
 * Level 0.7 Armour
 * Level 4.1 Dodging
 * Level 4.3 Stealth
 * Level 1.5 Shields
 * Level 4.0 Spellcasting
 * Level 0.1 Conjurations
 * Level 1.9 Necromancy
 * Level 5.1 Ice Magic
 * Level 3.5 Invocations
 * Level 1.7 Evocations


You had 6 spell levels left.
You knew the following spells:

 Your Spells              Type           Power      Damage    Failure   Level
a - Freeze                Ice            76%        1d9       4%          1
b - Frozen Ramparts       Ice            38%        1d6       12%         3
c - Ozocubu's Armour      Ice            19%        N/A       12%         3
d - Dazzling Flash        Conj/Hex       6%         N/A       69%         3

Your spell library contained the following spells:

 Spells                   Type           Power      Damage    Failure   Level
 Foxfire                  Conj/Fire      12%        2x1d4     32%         1
 Conjure Flame            Conj/Fire      3%         6-21      69%         3
 Inner Flame              Hex/Fire       3%         N/A       69%         3
 Portal Projectile        Hex/Tloc       6%         N/A       69%         3
 Tukima's Dance           Hex            3%         N/A       69%         3
 Hailstorm                Conj/Ice       11%        3d5       75%         4
 Flame Wave               Conj/Fire      3%         2d5       97%         4
 Agony                    Necr           9%         N/A       99%         5
 Blade Hands              Tmut           1%         N/A       100%        5
 Silence                  Hex/Air        1%         N/A       100%        5


Dungeon Overview and Level Annotations

Branches:
Dungeon (9/15)             Temple (1/1) D:4
   Lair: D:8-11         Orc: D:9-12

Altars:
Ashenzari
Cheibriados
Dithmenos
Fedhas
Gozag
Hepliaklqana
Kikubaaqudgha
Makhleb
Nemelex Xobeh
Okawaru
Qazlal
Ru
Sif Muna
Trog
Uskayaw
Vehumet
Wu Jian
Xom
Yredelemnul

Shops:
D:1 !   D:3 =

Annotations:
D:3 exclusion: downstairs
D:6 exclusion: downstairs


Innate Abilities, Weirdness & Mutations

You have sharp fingernails.
You are partially covered in yellow scales. (AC +2)
Your demonic aura often causes spilled blood to erupt in flames.
You sometimes gain power by taking damage.


Message History

Something hits you but does no damage.
You hit something. Something hits you! Something barely misses you.
Something hits you but does no damage. Something hits you.
Something barely misses you. Something hits you but does no damage.
Something hits you but does no damage.
You barely miss something. Something hits you but does no damage.
Something hits you but does no damage. Something hits you but does no damage.
Something hits you. Something barely misses you. Something hits you.
Something hits you but does no damage. Something hits you but does no damage.
Something hits you! Something hits you but does no damage.
Something hits you. x2
You hit something. You block something's attack. Something hits you.
Something hits you! Something hits you.
* * * LOW HITPOINT WARNING * * *
Something hits you.
* * * LOW HITPOINT WARNING * * *
Something hits you but does no damage. Something hits you.
* * * LOW HITPOINT WARNING * * *
Blink to where?
Press: ? - help, Dir - move target
As you read the scroll of blinking, it crumbles to dust.
Something barely misses you. Something hits you but does no damage.
Something hits you.
* * * LOW HITPOINT WARNING * * *
Something hits you but does no damage. Something hits you.
* * * LOW HITPOINT WARNING * * *
Something hits you but does no damage. Something hits you.
You die...

..###''### #....##
.......## #.....##
........# ####...##
....#...# #.....#
........# #####....##
##......## ##.#...#<..####
.........###......###.#..#
..........##..#....#.....#
..........#.....@####....#
..........##.....# #....#
.........####..○°####...##
..........#####........##
..........#......#....##
.##....#....#######..##
.##...##......# ##..#
........§.#.#.## #..####
...#..#..##.#..###..#..#


There were no monsters in sight!

Vanquished Creatures
  Maggie (D:6)
  A water moccasin (D:6)
  Duvessa (D:7)
  An ice beast (D:5)
  3 ogres
  A centaur (D:6)
  A phantom (D:7)
  A kobold brigand (D:7)
  An elf zombie (D:7)
  A necrophage (D:4)
  A bullfrog (D:6)
  A gnoll sergeant (D:7)
  5 scorpions
  Dowan (D:7)
  3 howler monkeys
  6 hounds
  2 jellies
  2 orc priests
  2 iguanas
  5 orc wizards
  A human skeleton (D:7)
  4 gnolls
  10 adders
  A shadow imp (D:6)
  An ufetubus (D:6)
  3 worms
  25 orcs
  5 endoplasms
  4 giant cockroaches
  2 goblins
  6 hobgoblins
  4 jackals
  4 quokkas
  3 ball pythons (D:1)
  6 bats
  A frilled lizard (D:1)
  4 kobolds
  3 orc skeletons (D:7)
  An orc zombie (D:7)
  4 rats
132 creatures vanquished.

Notes
Turn   | Place    | Note
-------+----------+-------------------------------------------
     0 | D:1      | Acheron the Demonspawn Ice Elementalist began the quest for
                  | the Orb.
     0 | D:1      | Reached XP level 1. HP: 13/13 MP: 3/3
   478 | D:1      | Gained mutation: You are partially covered in yellow
                  | scales. (AC +2) [demonic ancestry]
   478 | D:1      | Reached XP level 2. HP: 19/19 MP: 5/5
   740 | D:1      | Found Iptah's Distillery.
   748 | D:1      | Bought a potion of degeneration for 14 gold pieces
   748 | D:1      | Bought a potion of curing for 42 gold pieces
  1584 | D:3      | Identified the ring "Hyfriob" {*Corrode rPois rC++ Str+6}
  1624 | D:2      | Found a faded altar of an unknown god.
  1637 | D:2      | Identified the +6 hand axe of Gikkim {vorpal, rC+ Stlth+}
  1644 | D:2      | Prayed at the altar of an unknown god.
  1644 | D:2      | Became a worshipper of Qazlal Stormbringer
  1644 | D:2      | Reached * piety under Qazlal
  1749 | D:2      | Reached XP level 3. HP: 25/25 MP: 6/6
  2505 | D:4      | Noticed a scorpion
  2665 | D:3      | Found Zabb's Jewellery Emporium.
  2753 | D:3      | Gained mutation: Your demonic aura sometimes causes spilled
                  | blood to erupt in flames. [demonic ancestry]
  2753 | D:3      | Reached XP level 4. HP: 31/31 MP: 7/7
  2845 | D:3      | Learned a level 3 spell: Frozen Ramparts
  2889 | D:4      | Noticed a necrophage
  3023 | D:4      | Reached skill level 1 in Axes
  3025 | D:4      | Killed a necrophage
  3026 | D:4      | Reached skill level 1 in Fighting
  3026 | D:4      | Reached skill level 1 in Polearms
  3026 | D:4      | Gained mutation: You sometimes gain a little power by
                  | taking damage. [demonic ancestry]
  3026 | D:4      | Reached XP level 5. HP: 24/37 MP: 9/9
  3131 | D:4      | Found a shimmering altar of Xom.
  3179 | D:4      | Noticed an ogre
  3314 | D:5      | Entered Level 5 of the Dungeon
  3360 | D:5      | Gained mutation: Your demonic aura often causes spilled
                  | blood to erupt in flames. [demonic ancestry]
  3360 | D:5      | Reached XP level 6. HP: 30/43 MP: 10/10
  3613 | D:4      | Found a shadowy altar of Dithmenos.
  3881 | D:4      | Found a staircase to the Ecumenical Temple.
  3894 | D:4      | Reached skill level 1 in Throwing
  3894 | D:4      | Reached skill level 1 in Invocations
  3894 | D:4      | Reached ** piety under Qazlal
  3905 | D:4      | Reached XP level 7. HP: 27/49 MP: 11/11
  3920 | Temple   | Entered the Ecumenical Temple
  4684 | D:5      | Found a hazy altar of Hepliaklqana.
  4985 | D:6      | Gained mutation: You have sharp fingernails. [demonic
                  | ancestry]
  4985 | D:6      | Reached XP level 8. HP: 20/57 MP: 13/13
  5187 | D:7      | Learned a level 3 spell: Ozocubu's Armour
  5366 | D:7      | Noticed Dowan
  5479 | D:8      | Found a radiant altar of Vehumet.
  5622 | D:8      | Reached skill level 1 in Necromancy
  5671 | D:8      | Found an opulent altar of Gozag.
  5687 | D:8      | Noticed a hornet
  5790 | D:7      | Reached skill level 1 in Evocations
  6055 | D:7      | Noticed Duvessa
  6072 | D:7      | Killed Duvessa
  6073 | D:7      | Reached skill level 5 in Axes
  6073 | D:7      | Reached skill level 1 in Shields
  6140 | D:6      | Reached skill level 5 in Ice Magic
  6237 | D:6      | Reached *** piety under Qazlal
  6256 | D:6      | Learned a level 3 spell: Dazzling Flash
  6304 | D:6      | Found a hide-covered altar of Uskayaw.
  6324 | D:6      | Gained mutation: You sometimes gain power by taking damage.
                  | [demonic ancestry]
  6324 | D:6      | Reached XP level 9. HP: 44/63 MP: 14/14
  6614 | D:6      | Found a sacrificial altar of Ru.
  6808 | D:6      | Noticed Maggie
  6817 | D:6      | Killed Maggie
  6951 | D:7      | Killed Dowan
  7873 | D:7      | HP: 2/64 [something (5)]
  7873 | D:7      | Slain by an unseen horror

Illustrated notes

Levels and vault maps discovered:
D:1:      lightli_arrival_statuegarden, layout_loops_ring, serial_shops, shop
D:2:      layout_rooms, chequers_ecumenical_altar_lobes
D:3:      layout_basic, serial_shops, nicolae_shop_trees
D:4:      layout_basic, nicolae_dithmenos_the_darkroom, xom_teletrap_fun,
          minmay_temple_entry_grid
D:5:      layout_rooms, mainiacjoe_overflow_catwalk,
          mainiacjoe_overflow_tiny_flanked, kennysheep_minor_cross
D:6:      layout_loops_ring, nicolae_ru_the_path_less_chosen,
          mainiacjoe_overflow_alcove_2, uniq_maggie
D:7:      layout_cave_pools, nicolae_ossuary_entry_catacombs,
          kennysheep_generic_room_15, uniq_duvessa
D:8:      layout_rooms, kennysheep_little_box, amcnicky_altar_gilded
D:9:      layout_gridville, lair_entry_dummy
Temple:   compressed_dpeg_circular_temple

Skill      XL: |  1  2  3  4  5  6  7  8  9 |
---------------+----------------------------+-----
Stealth        | 2 3 4 |  4.3
Ice Magic      | 4 5 |  5.1
Dodging        | 2 3 4 |  4.1
Axes           | 1 2 3 4 5 |  5.8
Fighting       | 1 2 3 |  3.2
Polearms       | 1 |  1.5
Spellcasting   | 3 4 |  4.0
Throwing       | 1 2 |  2.5
Invocations    | 1 2 3 |  3.5
Necromancy     | 1 |  1.9
Evocations     | 1 |  1.7
Shields        | 1 |  1.5
Armour         | |  0.7
Conjurations   | |  0.1

Action                   |  1- 3 |  4- 6 |  7- 9 || total
-------------------------+-------+-------+-------++-------
Melee: Spear             |    61 |       |       ||    61
       Hand axe          |    30 |    81 |   182 ||   293
       Punch             |       |     2 |     1 ||     3
Throw: Dart              |     2 |       |       ||     2
 Cast: Freeze            |     6 |       |       ||     6
Evoke: Wand              |       |       |     3 ||     3
  Use: Scroll            |     6 |     5 |     5 ||    16
 Stab: Sleeping          |     5 |       |       ||     5
       Paralysed         |       |       |     4 ||     4
Armor: Robe              |    26 |    25 |    18 ||    69
       Swamp dragon scal |       |       |    58 ||    58
Dodge: Dodged            |    63 |    66 |   104 ||   233
Block: Other             |       |     8 |    22 ||    30
